 Dungeon Crawl Stone Soup version 0.24-a0-368-g0e0cebd0f3 (webtiles) character file.

Game seed: 9408277946398676711

5716 HAL9000 the Slicer (level 10, -3/46 HPs)
             Began as a Vine Stalker Assassin on May 29, 2019.
             Was a Follower of Uskayaw.
             Slain by a death yak (10 damage)
             ... on level 8 of the Dungeon.
             The game lasted 00:14:18 (7732 turns).

HAL9000 the Slicer (Vine Stalker Assassin)          Turns: 7732, Time: 00:14:18

Health: -3/46      AC:  7    Str: 15    XL:     10   Next: 76%
Magic:  0/17       EV: 11    Int: 12    God:    Uskayaw [*.....]
Gold:   344        SH:  5    Dex: 17    Spells: 9/17 levels left

rFire    . . .     SeeInvis .   i - +0 dagger (elec)
rCold    . . .     Gourm    .   A - +0 buckler
rNeg     . . .     Faith    .   s - +0 leather armour
rPois    .         Spirit   +   q - +1 helmet
rElec    .         Reflect  .   c - +0 cloak
rCorr    .         Harm     .   F - +0 pair of gloves
MR       +....                  (no boots)
Stlth    ++++......             (no amulet)
HPRegen  0.55/turn              (no ring)
MPRegen  0.15/turn              (no ring)

@: no status effects
A: fangs 3, regeneration 1, magic shield, antimagic bite, no potion heal 3, rot
immunity
a: Stomp, Renounce Religion


You were on level 8 of the Dungeon.
You worshipped Uskayaw.
Uskayaw was noncommittal.
You were not hungry.

You visited 1 branch of the dungeon, and saw 8 of its levels.
You also visited: Ossuary.

You collected 344 gold pieces.

Inventory:

Hand Weapons
 a - a +2 dagger
 i - a +0 dagger of electrocution (weapon)
Missiles
 d - 19 poisoned darts
 e - 14 curare-tipped darts (quivered)
 v - 5 boomerangs
Armour
 c - a +0 cloak (worn)
 q - a +1 helmet (worn)
 s - a +0 leather armour (worn)
 A - a +0 buckler (worn)
 F - a +0 pair of gloves (worn)
Wands
 r - a wand of flame (11)
 t - a wand of acid (7)
 x - a wand of iceblast (9)
 y - a wand of paralysis (5)
Scrolls
 b - 2 scrolls of immolation
 j - a scroll of teleportation {unknown}
 k - 3 scrolls of enchant armour
 l - 2 scrolls of enchant weapon
 m - 3 scrolls of fear {unknown}
 o - 4 scrolls of fog
 p - 4 scrolls of remove curse
 z - 2 scrolls of holy word {unknown}
 E - a scroll of magic mapping {unknown}
 G - a scroll of silence
 I - 2 scrolls of blinking {unknown}
Potions
 n - a potion of brilliance
 u - 6 potions of curing
 w - 3 potions of lignification
 B - 2 potions of mutation
 C - 2 potions of flight
 D - a potion of haste
 H - a potion of might
Comestibles
 f - 12 rations


   Skills:
 - Level 1.7 Fighting
 - Level 10.0 Short Blades
 - Level 1.7 Throwing
 - Level 0.7 Dodging
 - Level 9.2 Stealth
 - Level 4.1 Shields
 + Level 4.1 Spellcasting
 + Level 1.8 Charms
 - Level 7.2 Invocations


You had 9 spell levels left.
You knew the following spells:

 Your Spells              Type           Power        Failure   Level  Hunger
a - Shroud of Golubria    Chrm/Tloc      #.........   28%         2    ##.....
b - Regeneration          Chrm/Necr      #.........   50%         3    ###....
c - Spectral Weapon       Hex/Chrm       #.......     50%         3    ###....

Your spell library contained the following spells:

 Spells                   Type           Power        Failure   Level  Hunger
 Infusion                 Chrm           #...         13%         1    #......
 Song of Slaying          Chrm           #.......     19%         2    ##.....


Dungeon Overview and Level Annotations

Branches:
Dungeon (8/15)             Temple (0/1) D:5
   Lair: D:8-11

Altars:
Cheibriados
Kikubaaqudgha
Okawaru
Qazlal
Ru
Uskayaw
Wu Jian
Zin
The Shining One

Annotations:
D:8 1 runed translucent door, Zarkath's ghost, novice DsNe


Innate Abilities, Weirdness & Mutations

You have razor-sharp teeth.
Your natural rate of healing is unusually fast.
When hurt, damage is shared between your health and your magic reserves.
Your bite disrupts and absorbs the magic of your enemies.
Potions cannot restore your health.
You are immune to rotting.


Message History

The water moccasin zombie barely misses you.
You can now stomp with the beat.
The orc warrior hits you from afar with a +0 trident!
The water moccasin zombie closely misses you.
The orc warrior hits you from afar with a +0 trident!
An orc comes into view.
The orc closely misses you.
The water moccasin zombie barely misses you.
The orc priest calls upon Beogh to heal the orc warrior.
The orc warrior is healed somewhat.
The orc priest calls upon Beogh to heal the orc priest.
The orc priest is healed somewhat.
The orc priest shouts!
An orc wizard comes into view. It is wielding a +0 dagger.
Found 12 gold pieces.
The death yak bellows! x2
The death yak gores you!!
* * * LOW HITPOINT WARNING * * *
The death yak gores you!
You die...

.##...o....###.#.≈.#
.##.......###..#.≈.# ..
..#.......##...#.≈.# ...
.......o..##...#.≈.#....
.........oo....##+##....
.....#.#..............>.
..#..###...o.Z..#.......
>.....###.r.o.H..Y......
..........###oo.@Y.....#
###.#.........o.......##
..#.#..##...o........##
.......#......#......$#
.............###......#
...#.......#.# #......#
...##..##..#.# #....###
..##.........# ##..##
#####..#######


You could see 2 death yaks, a hippogriff, an orc warrior, a porcupine
(wandering), 4 orc priests, an orc wizard (wandering), 2 orcs and a water
moccasin zombie.

Vanquished Creatures
  A death yak (D:8)
  A cyclops (D:7)
  A troll (D:6)
  A hippogriff (D:7)
  Prince Ribbit (D:7)
  Sigmund (D:3)
  4 hogs (D:7)
  A human (D:7)
  A hungry ghost (D:7)
  A porcupine (D:8)
  4 orc warriors
  3 sky beasts
  2 ice beasts
  An ogre (D:6)
  A centaur (D:6)
  Blork the orc (D:5)
  2 big kobolds (D:7)
  4 bullfrogs
  4 wights (D:7)
  A crimson imp (D:5)
  A howler monkey (D:4)
  4 centaur zombies
  2 quasits
  4 hounds
  4 orc priests
  8 orc wizards
  3 jellies
  Ijyb (D:3)
  3 iguanas
  3 worker ants
  A killer bee zombie (D:8)
  3 big kobold zombies (Ossuary)
  A hound zombie (D:7)
  A hound skeleton (D:4)
  6 mummies (Ossuary)
  7 adders
  3 gnolls
  A river rat (D:7)
  A shadow imp (D:5)
  A white imp (D:4)
  An ooze (D:7)
  6 adder skeletons
  3 worms
  2 dart slugs
  7 leopard geckos
  22 orcs
  2 ball pythons
  5 giant cockroaches
  5 goblins
  3 hobgoblins
  10 jackals
  13 kobolds
  8 quokkas
  6 bats
  6 frilled lizards
  3 goblin skeletons (D:4)
  2 goblin zombies (D:4)
  4 hobgoblin zombies
  3 kobold skeletons (D:4)
  A kobold zombie (D:4)
  2 leopard gecko skeletons
  3 orc skeletons (D:4)
  An orc zombie (D:4)
  2 quokka skeletons (D:5)
  9 rats
223 creatures vanquished.

Notes
Turn   | Place    | Note
-------+----------+-------------------------------------------
     0 | D:1      | HAL9000 the Vine Stalker Assassin began the quest for the
                  | Orb.
     0 | D:1      | Reached XP level 1. HP: 11/11 MP: 2/2
    95 | D:1      | Reached skill level 2 in Short Blades
   320 | D:1      | Reached XP level 2. HP: 15/15 MP: 3/3
  1058 | D:2      | Reached skill level 3 in Short Blades
  1110 | D:2      | Reached XP level 3. HP: 9/18 MP: 4/4
  1234 | D:2      | Found an ornate altar of the Wu Jian Council.
  1236 | D:2      | Found an iron altar of Okawaru.
  2032 | D:2      | Found a snail-covered altar of Cheibriados.
  2673 | D:3      | Noticed Ijyb
  2674 | D:3      | Gained mutation: Your natural rate of healing is unusually
                  | fast. [Vine Stalker growth]
  2674 | D:3      | Reached XP level 4. HP: 23/23 MP: 5/5
  2705 | D:3      | Reached skill level 4 in Short Blades
  2867 | D:3      | Killed Ijyb
  2867 | D:3      | Reached XP level 5. HP: 7/26 MP: 0/6
  2928 | D:3      | Noticed Sigmund
  2933 | D:3      | Killed Sigmund
  2933 | D:3      | Reached skill level 5 in Short Blades
  2933 | D:3      | Reached XP level 6. HP: 30/30 MP: 7/7
  3109 | D:3      | Reached skill level 6 in Short Blades
  3396 | D:4      | Found a hide-covered altar of Uskayaw.
  3408 | D:4      | Became a worshipper of Uskayaw the Reveler
  3433 | D:4      | Reached * piety under Uskayaw
  3515 | D:4      | Found a glowing golden altar of the Shining One.
  3527 | D:4      | Reached ** piety under Uskayaw
  3539 | D:4      | Reached *** piety under Uskayaw
  3784 | D:4      | Reached XP level 7. HP: 34/34 MP: 8/8
  4016 | D:4      | Reached skill level 7 in Short Blades
  4135 | D:4      | Found a sacrificial altar of Ru.
  4194 | D:5      | Entered Level 5 of the Dungeon
  4194 | D:5      | Found a stormy altar of Qazlal.
  4287 | D:5      | Found a glowing silver altar of Zin.
  4471 | D:5      | Noticed Blork the orc
  4485 | D:5      | Killed Blork the orc
  4759 | D:5      | Reached skill level 8 in Short Blades
  4865 | D:5      | Found a staircase to the Ecumenical Temple.
  4962 | D:5      | Gained mutation: You have razor-sharp teeth. [Vine Stalker
                  | growth]
  4962 | D:5      | Reached XP level 8. HP: 38/38 MP: 9/9
  5237 | D:6      | Noticed a troll
  5247 | D:6      | Killed a troll
  5247 | D:6      | Reached skill level 9 in Short Blades
  5329 | D:6      | Reached skill level 10 in Short Blades
  5426 | D:6      | Reached skill level 5 in Stealth
  5426 | D:6      | Reached skill level 1 in Invocations
  5501 | D:5      | Reached XP level 9. HP: 37/42 MP: 9/11
  5766 | D:6      | You fall into a shaft and drop 1 floor!
  5768 | D:7      | Reached skill level 1 in Shields
  5813 | D:7      | Reached **** piety under Uskayaw
  5821 | D:7      | Reached ***** piety under Uskayaw
  6205 | D:7      | Noticed Prince Ribbit
  6456 | D:7      | Reached skill level 5 in Invocations
  6462 | D:7      | Reached XP level 10. HP: 42/46 MP: 9/14
  6623 | D:7      | Noticed a cyclops
  6663 | D:7      | Killed a cyclops
  6731 | D:7      | Found an ancient bone altar of Kikubaaqudgha.
  6984 | D:7      | Killed Prince Ribbit
  6984 | D:7      | Reached skill level 1 in Spellcasting
  7088 | D:8      | Noticed a death yak
  7136 | D:8      | Killed a death yak
  7170 | D:8      | Learned a level 2 spell: Shroud of Golubria
  7174 | D:8      | Learned a level 3 spell: Regeneration
  7178 | D:8      | Learned a level 3 spell: Spectral Weapon
  7288 | D:8      | Found a runed translucent door.
  7288 | D:8      | Found a sand-covered staircase.
  7288 | D:8      | Noticed a death yak
  7288 | D:8      | Noticed Zarkath's ghost (novice DsNe)
  7290 | D:8      | Noticed a death yak
  7446 | D:8      | Reached skill level 1 in Charms
  7568 | Ossuary  | Entered an ossuary
  7732 | D:8      | Slain by a death yak

Levels and vault maps discovered:
D:1:      dpeg_arrival_water_fire, layout_basic
D:2:      layout_basic, lemuel_round_altar,
          chequers_temple_overflow_statue_of_worship
D:3:      layout_rooms, hangedman_abyss_or_decor_lesser_grid, uniq_sigmund,
          uniq_ijyb
D:4:      layout_loops_corners, marbit_many_paths,
          eat_drink_and_be_merry_uskayaw, nicolae_tso_besieged_by_evil,
          first_ration
D:5:      layout_loops_ring, lemuel_doored_altar,
          nicolae_overflow_hidden_temple, minmay_temple_entry_poolview,
          hangedman_decor_peaks_small, minmay_liquid_box, uniq_blork_the_orc
D:6:      layout_rooms, serial_bayou_pond_d
D:7:      layout_basic, kennysheep_mini, grunt_livestock, uniq_prince_ribbit1
D:8:      layout_cave_pools, lemuel_round_altar, lemuel_crystal_altar,
          dpeg_lair_monsters, nicolae_ossuary_entry_ruins,
          ebering_ghost_reflecting_pool

Skill      XL: |  1  2  3  4  5  6  7  8  9 10 |
---------------+-------------------------------+-----
Short Blades   | 2 3 4 5 6 8 10 | 10.0
Stealth        | 5 8 9 |  9.2
Invocations    | 2 5 7 |  7.2
Shields        | 4 |  4.1
Spellcasting   | 4 |  4.1
Charms         | 1 |  1.8
Fighting       | |  1.7
Throwing       | |  1.7
Dodging        | |  0.7

Action                   |  1- 3 |  4- 6 |  7- 9 | 10-12 || total
-------------------------+-------+-------+-------+-------++-------
Melee: Dagger            |   101 |   137 |   335 |   204 ||   777
       Bite              |    25 |    37 |    85 |    64 ||   211
Throw: Dart              |       |       |     9 |     6 ||    15
Invok: Line Pass         |       |     1 |       |       ||     1
       Stomp             |       |       |     2 |     1 ||     3
  Use: Potion            |     1 |       |       |       ||     1
       Scroll            |       |       |       |    18 ||    18
 Stab: Sleeping          |     8 |     4 |    11 |     6 ||    29
       Distracted        |     1 |       |       |       ||     1
       Paralysed         |       |     1 |     5 |     6 ||    12
       Confused          |       |     1 |       |       ||     1
  Eat: Chunk             |     5 |     3 |    10 |     4 ||    22
       Ration            |       |       |       |     1 ||     1
Armor: Robe              |    20 |    10 |       |       ||    30
       Leather armour    |       |    17 |    85 |    30 ||   132
Dodge: Dodged            |    66 |    74 |   115 |    59 ||   314
Block: Buckler           |       |       |    29 |    17 ||    46

Table legend:
 A = Non-vault XP
 B = Vault XP
 C = Vault XP percentage of total XP
 D = Non-vault monster count
 E = Vault monster count
 F = Vault count percentage of total count
                 A         B        C        D         E       F
            +---------+---------+-------+---------+---------+-------
      Total |    5175 |    2992 |  36.6 |     176 |      47 |  21.1
            +---------+---------+-------+---------+---------+-------
        D:1 |      37 |       0 |   0.0 |      14 |       0 |   0.0
        D:2 |      62 |       0 |   0.0 |      18 |       0 |   0.0
        D:3 |     162 |     267 |  62.2 |      22 |       2 |   8.3
        D:4 |     274 |      38 |  12.2 |      18 |      17 |  48.6
        D:5 |     606 |      99 |  14.0 |      15 |       1 |   6.2
        D:6 |    1259 |       0 |   0.0 |      31 |       0 |   0.0
        D:7 |    2424 |    1224 |  33.6 |      50 |       7 |  12.3
        D:8 |     351 |    1037 |  74.7 |       8 |       6 |  42.9
    Ossuary |       0 |     327 | 100.0 |       0 |      14 | 100.0
            +---------+---------+-------+---------+---------+-------
